 Dungeon Crawl Stone Soup version 0.16.1-30-g34a7ffa (webtiles) character file.

355 ztt the Covered (level 6, 0/38 HPs)
             Began as a Gargoyle Fighter on June 16, 2015.
             Killed from afar by an orc wizard (5 damage)
             ... with a wand of flame
             ... on level 4 of the Dungeon.
             The game lasted 00:06:32 (3554 turns).

ztt the Covered (Gargoyle Fighter)                  Turns: 3554, Time: 00:06:32

Health: 0/38       AC: 11    Str: 22    XL:     6   Next: 63%
Magic:  6/6        EV:  8    Int:  8    God:
Gold:   234        SH:  9    Dex:  9    Spells: 0 memorised, 5 levels left

rFire  . . .     SeeInvis .     a - +0 war axe
rCold  . . .     Clarity  .     b - +0 scale mail
rNeg   + . .     SustAb   .     c - +0 shield
rPois  ∞         Gourm    .     (no helmet)
rElec  +         Spirit   .     (no cloak)
rCorr  .         Warding  .     (no gloves)
rMut   .         Stasis   .     (no boots)
MR     .....                    (no amulet)
Stlth  ..........               (no ring)
                                (no ring)

@: not resistant to hostile enchantments, extremely unstealthy
A: negative energy resistance 1, electricity resistance, unbreathing,
petrification resistance, rot immunity, AC +4
a: no special abilities


You were on level 4 of the Dungeon.
You were not hungry.

You visited 2 branches of the dungeon, and saw 5 of its levels.

You collected 234 gold pieces.

Inventory:

Hand weapons
 a - a +0 war axe (weapon)
 l - a +0 battleaxe
Armour
 b - a +0 scale mail (worn)
 c - a +0 shield (worn)
 h - a +0 pair of boots
Jewellery
 g - a +3 ring of slaying {unknown}
Scrolls
 m - a scroll of random uselessness {unknown}
 u - 2 scrolls of magic mapping
Potions
 e - 2 potions of might
 f - 2 potions of lignification
 j - a potion of mutation {unknown}
 k - 2 potions of curing {unknown}
 o - a potion of beneficial mutation {unknown}
 p - a potion of heal wounds
 r - a potion of ambrosia {unknown}
 s - a potion of haste {unknown}
Comestibles
 d - a bread ration
 i - a meat ration


   Skills:
 + Level 4.0 Fighting
 + Level 3.0 Axes
 + Level 4.9 Armour
 + Level 2.3 Dodging
 + Level 0.2 Stealth
 + Level 4.6 Shields


You had 5 spell levels left.
You didn't know any spells.

Dungeon Overview and Level Annotations

Branches:
Dungeon (4/15)             Temple (1/1) D:4

Altars:
Cheibriados
Dithmenos
Elyvilon
Fedhas
Kikubaaqudgha
Nemelex Xobeh
Sif Muna
Trog
Vehumet
Xom
Yredelemnul
Zin

Annotations:
D:4 Dowan, Duvessa, Grinder


Innate Abilities, Weirdness & Mutations

You are resistant to torment.
You are immune to poison.
Your stone body is very resilient (AC +4).
You resist negative energy.
You are resistant to electric shocks.
You can survive without breathing.
You are immune to petrification.
You are immune to rotting.


Message History

The orc wizard is heavily wounded.
The orc wizard barely misses you.
The orc wizard zaps a wand.
The puff of flame hits you!
You hit the orc wizard.
The orc wizard is almost dead.
The orc wizard hits you but does no damage.
The orc wizard points at you and mumbles some strange words.
The magic dart hits you!
You closely miss the orc wizard.
The orc wizard is almost dead.
The orc wizard zaps a wand.
The puff of flame hits you!
* * * LOW HITPOINT WARNING * * *
The orc wizard hits you but does no damage.
You are too injured to fight recklessly!
You are too injured to fight recklessly!
You are too injured to fight recklessly!
Your shield prevents you from hitting the orc wizard.
The orc wizard is almost dead.
The orc wizard zaps a wand.
The puff of flame hits you!
You die...

#....##♣.♣###.######.#
#....#♣...♣#.........#
#....#♣.>.♣#......####
#....#♣...♣#......#
#....##♣♣♣##......#
#.....#####.......#
#......#<#........#
##.#......#.#.#.###......
#.....§...#@#)#.# #......
#....####.#o..#.###......
#.... #.)......##.....
#.... #.÷).....##....
......####........# . .
#.................#
.................#
.................#
.................#


You could see an orc wizard.

Vanquished Creatures
  A scorpion (D:4)
  2 orc priests (D:4)
  2 orc wizards (D:4)
  A worker ant (D:4)
  Ijyb (D:2)
  Jessica (D:2)
  4 adders
  A giant mite (D:3)
  2 worms (D:2)
  An adder skeleton (D:4)
  5 giant geckos
  6 orcs
  2 giant cockroaches (D:1)
  5 goblins
  15 hobgoblins
  7 bats
  5 giant newts
  6 kobolds
  10 rats
77 creatures vanquished.

Vanquished Creatures (others)
  A quokka (D:4)
1 creature vanquished.

Grand Total: 78 creatures vanquished

Notes
Turn   | Place    | Note
--------------------------------------------------------------
     0 | D:1      | ztt, the Gargoyle Fighter, began the quest for the Orb.
     0 | D:1      | Reached XP level 1. HP: 14/14 MP: 1/1
   141 | D:1      | Reached XP level 2. HP: 19/19 MP: 2/2
   590 | D:2      | Found a shimmering altar of Xom.
   602 | D:2      | Found a shadowy altar of Dithmenos.
   689 | D:2      | Reached XP level 3. HP: 23/23 MP: 3/3
  1151 | D:2      | Noticed Jessica
  1163 | D:2      | Killed Jessica
  1163 | D:2      | Reached skill level 1 in Dodging
  1212 | D:2      | Reached XP level 4. HP: 15/28 MP: 4/4
  1362 | D:2      | Reached skill level 4 in Armour
  1590 | D:2      | Noticed Ijyb
  1606 | D:2      | Killed Ijyb
  1606 | D:2      | Reached XP level 5. HP: 25/33 MP: 5/5
  1623 | D:2      | Found a bloodstained altar of Trog.
  1978 | D:3      | Found a radiant altar of Vehumet.
  2180 | D:3      | Found a glowing drain.
  2419 | D:3      | Noticed Crazy Yiuf
  2795 | D:4      | Noticed Grinder
  2795 | D:4      | Noticed Dowan
  2796 | D:4      | Noticed Duvessa
  2992 | D:4      | Reached XP level 6. HP: 35/38 MP: 6/6
  3089 | D:4      | Found a staircase to the Ecumenical Temple.
  3095 | Temple   | Entered the Ecumenical Temple
  3554 | D:4      | Killed from afar by an orc wizard

Action                   |  1- 3 |  4- 6 || total
-------------------------+-------+-------++-------
Melee: War axe           |    98 |   219 ||   317
  Use: Scroll            |       |     8 ||     8
  Eat: Chunk             |       |     2 ||     2
       Bread ration      |       |     2 ||     2
